 Dungeon Crawl Stone Soup version 0.19.1 (webtiles) character file.

221 Krapule the Caller (level 5, 0/39 HPs)
             Began as a Mummy Summoner on Dec 1, 2016.
             Was an Initiate of Gozag.
             Shot with an arrow by a centaur (2 damage)
             ... on level 6 of the Dungeon.
             The game lasted 00:21:15 (4230 turns).

Krapule the Caller (Mummy Summoner)                 Turns: 4230, Time: 00:21:16

Health: 0/39       AC:  3    Str: 11    XL:     5   Next: 65%
Magic:  2/10       EV: 13    Int: 15    God:    Gozag
Gold:   300        SH:  0    Dex: 13    Spells: 3 memorised, 4 levels left

rFire  x . .     SeeInvis .     g - +0 mace
rCold  + . .     Gourm    .     a - +0 robe
rNeg   + + +     Faith    .     (no shield)
rPois  ∞         Spirit   .     (no helmet)
rElec  .         Reflect  .     (no cloak)
rCorr  .         Harm     .     (no gloves)
MR     .....                    h - +0 pair of boots
Stlth  ++........               (no amulet)
                                (no ring)
                                (no ring)

@: very slightly contaminated
A: no food or potions, fire vulnerability, cold resistance 1, negative energy
resistance 3, torment resistance, unbreathing
a: Potion Petition, Call Merchant, Bribe Branch, Renounce Religion


You were on level 6 of the Dungeon.
You worshipped Gozag.
Gozag was aware of your devotion.
You were not hungry.

You visited 1 branch of the dungeon, and saw 6 of its levels.

You collected 322 gold pieces.
You paid 22 gold pieces to Gozag.

Inventory:

Hand Weapons
 g - a +0 mace (weapon)
Armour
 a - a +0 robe (worn)
 h - a +0 pair of boots (worn)
 n - a +0 shield
Wands
 j - a wand of flame (30/48)
 o - a wand of confusion (17/48)
 p - a wand of iceblast (5/15)
 q - a wand of iceblast (11/15)
Scrolls
 c - 2 scrolls of teleportation {unknown}
 d - 2 scrolls of recharging {unknown}
 e - 3 scrolls of identify {unknown}
 f - a scroll of amnesia {unknown}
 i - a scroll of noise {unknown}
 k - a scroll of enchant weapon {unknown}
 l - a scroll of enchant armour {unknown}
 m - a scroll of fear {unknown}
 r - a scroll of immolation {unknown}
Books
 b - a book of Callings

   Spells                             Type                      Level
   a - Summon Small Mammal            Summoning                    1
   b - Call Imp                       Summoning                    2
   c - Call Canine Familiar           Summoning                    3
   d - Summon Guardian Golem          Hexes/Summoning              3
   e - Summon Lightning Spire         Summoning/Air                4
   f - Summon Ice Beast               Ice/Summoning                4


   Skills:
 + Level 2.6 Fighting
 + Level 2.4 Dodging
 - Level 2.0 Stealth
 + Level 3.3 Spellcasting
 + Level 3.9 Summonings


You had 4 spell levels left.
You knew the following spells:

 Your Spells              Type           Power        Failure   Level  Hunger
a - Summon Small Mammal   Summ           ##..         4%          1    N/A
e - Call Canine Familiar  Summ           ##......     14%         3    N/A
z - Call Imp              Summ           ##......     8%          2    N/A

Dungeon Overview and Level Annotations

Branches:
Dungeon (6/15)
 Temple: D:4-7

Altars:
Gozag
Nemelex Xobeh
Yredelemnul


Innate Abilities, Weirdness & Mutations

You do not eat or drink.
Your flesh is vulnerable to fire.
You are immune to poison.
Your flesh is cold resistant. (rC+)
You are immune to negative energy. (rN+++)
You are immune to unholy pain and torment.
You can survive without breathing.


Message History

The arrow hits your crimson imp! The arrow freezes your crimson imp.
Your crimson imp dies!
The centaur shoots an arrow.
The arrow hits your rat! The arrow freezes your rat.
Your rat dies!
Your rat's corpse disappears in a puff of smoke!
The centaur unwields an uncursed shortbow of freezing.
The centaur barely misses your rat.
Your rat bites the centaur.
Casting: Summon Small Mammal
Confirm with . or Enter, or press ? or * to list all spells.
You miscast Summon Small Mammal.
You are very lightly contaminated with residual magic.
Your brain hurts!
The centaur wields an uncursed shortbow of freezing.
It is covered in frost.
The centaur shoots an arrow.
The arrow barely misses your rat. The arrow hits you!
* * * LOW HITPOINT WARNING * * *
The arrow freezes you.
You die...
Your body crumbles into a pile of gold.

## ## ### #. ## #.##.#######
#. .. #....#....Y# #.
#.##.#.#.###.# #. #........#
######.##########<##.##
.......(cr....@...##......#
######.################.....
#. .... ## ... .. #


You could see a centaur and a friendly rat.

Vanquished Creatures
  A worker ant (D:4)
  A dart slug (D:4)
  An orc (D:4)
  4 bats
  A giant cockroach (D:1)
  4 goblins
  A hobgoblin (D:3)
  2 jackals (D:1)
  5 kobolds
  2 frilled lizards
  A rat (D:3)
23 creatures vanquished.

Vanquished Creatures (collateral kills)
  A scorpion (D:4)
  A hound (D:4)
  An orc priest (D:4)
  An orc wizard (D:4)
  Jessica (D:2)
  2 worker ants
  A hound skeleton (D:4)
  4 adders
  2 oozes
  3 worms
  8 orcs
  3 bats
  2 giant cockroaches
  6 goblins
  3 hobgoblins
  10 kobolds
  A quokka (D:2)
  4 frilled lizards
  A quokka skeleton (D:4)
55 creatures vanquished.

Grand Total: 78 creatures vanquished

Notes
Turn   | Place    | Note
-------+----------+-------------------------------------------
     0 | D:1      | Krapule the Mummy Summoner began the quest for the Orb.
     0 | D:1      | Reached XP level 1. HP: 13/13 MP: 3/3
   392 | D:1      | Reached skill level 1 in Fighting
   405 | D:1      | Reached XP level 2. HP: 21/21 MP: 0/5
   438 | D:1      | Learned a level 2 spell: Call Imp
  1252 | D:2      | Reached XP level 3. HP: 19/26 MP: 1/6
  1319 | D:2      | Learned a level 3 spell: Call Canine Familiar
  2101 | D:2      | Found a sparkling altar of Nemelex Xobeh.
  2101 | D:2      | Noticed Jessica
  2105 | D:2      | Killed Jessica
  2305 | D:3      | Reached XP level 4. HP: 32/32 MP: 1/8
  2382 | D:3      | Found an opulent altar of Gozag.
  2390 | D:3      | Became a worshipper of Gozag Ym Sagoz the Greedy
  2676 | D:3      | Found a basalt altar of Yredelemnul.
  3127 | D:4      | Reached XP level 5. HP: 38/38 MP: 1/9
  3852 | D:5      | Entered Level 5 of the Dungeon
  3852 | D:5      | Noticed an ice beast
  4198 | D:6      | Noticed an ice beast
  4214 | D:6      | Noticed a centaur
  4230 | D:6      | Shot with an arrow by a centaur

Skill      XL: |  1  2  3  4 |
---------------+-------------+-----
Fighting       | 1 2 |  2.6
Stealth        | 2 |  2.0
Dodging        | 2 |  2.4
Spellcasting   | 3 |  3.3
Summonings     | |  3.9

Action                   |  1- 3 |  4- 6 || total
-------------------------+-------+-------++-------
Melee: Dagger            |    23 |       ||    23
       Unarmed           |     4 |       ||     4
       Short sword       |    15 |       ||    15
       Mace              |    31 |    44 ||    75
 Cast: Summon Small Mamm |    61 |    47 ||   108
       Call Imp          |    14 |    32 ||    46
 Stab: Sleeping          |     1 |       ||     1
Armor: Robe              |    18 |    11 ||    29
Dodge: Dodged            |    66 |    51 ||   117
